AoeStats
← 从不压堡之人

Black Forest

509272072Analyzed
4v4 RM · 6d ago on Sep 26, 2026· 32m 14s· 8 players
Game mode
Random Map
Map size
Large (8 player)
Population
200
Speed
Normal
Resources
Standard
Victory
Conquest
Starting age
Dark Age
Ending age
Imperial Age
RankedLock teamsTeams togetherTeam positionsShared explorationLock speedFull tech treeHidden civsTurbo modeCheats
Victory
Defeat
🇨🇳 Mongols · China
1453
+4
🇨🇳 Spanish · China
1127
+14
1041
+18
🇨🇳 Franks · China
928
+21
🇲🇽 Franks · Mexico
1206
-20
🇲🇽 Persians · Mexico
1199
-18
🇲🇽 Byzantines · Mexico
992
-10
🇲🇽 Bohemians · Mexico
973
-9
从不压堡之人
11:11 Feudal Age
12:02 Double-Bit Axe
14:53 Castle Age
13:46 Wheelbarrow
13:10 Horse Collar
15:59 Bow Saw
24:38 Redemption
27:11 Inquisition
28:20 Padded Archer Armor
30:14 Fervor
30:23 Husbandry
30:33 Bloodlines
30:29 Scale Barding Armor
34:40 Imperial Age
31:57 Loom
32:27 Hand Cart
叫声乌鸦哥
8:27 Feudal Age
8:36 Man-at-Arms
9:01 Double-Bit Axe
9:16 Double-Bit Axe
10:49 Fletching
12:03 Horse Collar
14:19 Loom
17:17 Wheelbarrow
19:34 Castle Age
17:59 Padded Archer Armor
17:55 Gold Mining
18:29 Town Watch
20:34 Bodkin Arrow
20:00 Crossbowman
20:52 Bow Saw
20:42 Heavy Plow
22:15 Heavy Plow
23:00 Ballistics
24:50 Stone Mining
32:59 Imperial Age
31:33 Hand Cart
31:32 Husbandry
32:12 Thumb Ring
33:25 Gold Shaft Mining
洗心革面重新做人TownYan
11:34 Feudal Age
9:55 Loom
11:40 Feudal Age
16:11 Castle Age
15:06 Double-Bit Axe
15:06 Horse Collar
17:00 Double-Bit Axe
19:03 Wheelbarrow
24:25 Imperial Age
24:23 Chemistry
24:37 Bow Saw
30:06 Houfnice
D4C
11:16 Feudal Age
12:23 Double-Bit Axe
15:19 Castle Age
17:06 Bow Saw
22:02 Fervor
21:59 Loom
24:41 Gold Mining
26:06 Wheelbarrow
25:35 Town Watch
27:17 Gold Shaft Mining
26:37 Stone Mining
27:35 Hand Cart
28:49 Forging
28:42 Scale Mail Armor
28:47 Scale Barding Armor
31:31 Imperial Age
29:36 Town Patrol
30:53 Iron Casting
30:33 Chain Mail Armor
30:49 Treadmill Crane
31:30 Ballistics
31:33 Chain Barding Armor
31:16 Squires
31:01 Arson
31:35 Caravan
32:17 Husbandry
33:45 Chemistry
32:50 Siege Engineers
33:11 Conscription
Swx L9
0:47 Loom
17:22 Feudal Age
18:09 Man-at-Arms
DavidMC117
1:05 Loom
12:58 Feudal Age
16:41 Castle Age
21:12 Scale Barding Armor
TxSoyLealxT
3:22 Loom
11:06 Feudal Age
12:56 Fletching
17:01 Castle Age
15:06 Padded Archer Armor
19:37 Scale Barding Armor
19:25 Double-Bit Axe
27:04 Chain Barding Armor
27:55 Horse Collar
28:52 Elite Skirmisher
31:26 Husbandry
EL TAHUR PROFESIONAL
2:37 Loom
13:49 Feudal Age
21:20 Castle Age
24:06 Fletching
26:36 Squires
29:02 Elite Skirmisher
30:18 Bodkin Arrow
Connection lost

Rejoining the realm…

Still unreachable

The connection could not be restored.

Session expired

The server has moved on; the page needs a fresh start.